 Dungeon Crawl Stone Soup version 0.21-a0-401-g0b6bec4 (webtiles) character file.

133 Ijustatesigmund the Grasshopper (level 4, -3/22 HPs)
             Began as a Spriggan Warper on Oct 25, 2017.
             Killed by nerve-wracking pain
             ... invoked by an orc priest
              (13 damage)
             ... on level 3 of the Dungeon.
             The game lasted 00:09:35 (4588 turns).

Ijustatesigmund the Grasshopper (Spriggan Warper)   Turns: 4588, Time: 00:09:36

Health: -3/22      AC:  2    Str:  7    XL:     4   Next: 93%
Magic:  11/11      EV: 18    Int: 15    God:
Gold:   60         SH:  0    Dex: 15    Spells: 9/11 levels left

rFire    . . .     SeeInvis +   a - +0 short sword
rCold    . . .     Gourm    .   (shield restricted)
rNeg     . . .     Faith    .   b - +0 robe
rPois    .         Spirit   .   (helmet restricted)
rElec    .         Reflect  .   (no cloak)
rCorr    .         Harm     .   (gloves unavailable)
MR       .....                  (boots unavailable)
Stlth    +++.......             p - amulet of regeneration
HPRegen  0.47/turn              (no ring)
MPRegen  0.12/turn              (no ring)

@: very slightly contaminated, very quick
A: unfitting armour, see invisible, herbivore 3, speed 3, slow metabolism 2
a: no special abilities


You were on level 3 of the Dungeon.
You were not hungry.

You visited 1 branch of the dungeon, and saw 4 of its levels.

You collected 60 gold pieces.

Inventory:

Hand Weapons
 a - a +0 short sword (weapon)
Missiles
 e - 2 tomahawks of dispersal (quivered)
Armour
 b - a +0 robe (worn)
Jewellery
 n - an uncursed ring of ice
 p - an amulet of regeneration (around neck)
Scrolls
 d - a scroll of blinking
 j - a scroll of teleportation
 k - a scroll of magic mapping
Potions
 i - a potion of brilliance
 q - a potion of flight
Books
 c - a book of Spatial Translocations

   Spells                             Type                      Level
   a - Blink                          Translocation                2
   b - Shroud of Golubria             Charms/Translocation         2
   c - Lesser Beckoning               Translocation                3
   d - Gell's Gravitas                Translocation                3
   e - Teleport Other                 Translocation                3
   f - Passage of Golubria            Translocation                4
 h - a book of Necromancy

   Spells                             Type                      Level
   a - Pain                           Necromancy                   1
   b - Animate Skeleton               Necromancy                   1
   c - Vampiric Draining              Necromancy                   3
   d - Regeneration                   Charms/Necromancy            3
   e - Animate Dead                   Necromancy                   4
   f - Control Undead                 Necromancy                   4
Comestibles
 f - 4 bread rations
 g - 3 fruits


   Skills:
 + Level 1.5 Fighting
 - Level 3.7 Short Blades
 - Level 1.0 Throwing
 + Level 3.5 Dodging
 + Level 4.0 Stealth
 + Level 4.2 Spellcasting
 - Level 4.4 Translocations


You had 9 spell levels left.
You knew the following spells:

 Your Spells              Type           Power        Failure   Level  Hunger
a - Blink                 Tloc           N/A          4%          2    ##.....


Dungeon Overview and Level Annotations

Branches:
Dungeon (4/15)
 Temple: D:4-7

Altars:
Fedhas
Hepliaklqana
Kikubaaqudgha
Xom
Yredelemnul

Annotations:
D:4 kae's ghost, amateur GrEE


Innate Abilities, Weirdness & Mutations

You are very small and have problems with some larger weapons.
You are too small for most types of armour.
You have supernaturally acute eyesight. (SInv)
You are a herbivore.
You cover ground extremely quickly.
You need consume almost no food.


Message History

You throw a tomahawk of dispersal.
The tomahawk of dispersal barely misses the orc priest.
Throwing (i - inventory):
e - 3 tomahawks of dispersal (quivered)
Press: ? - help, Shift-Dir - straight line, f/p - orc priest
Aim: an orc priest, wielding a club and wearing a scale mail You throw a tomahawk of dispersal.
The tomahawk of dispersal hits the orc priest.
The orc priest blinks!
The orc priest is moderately wounded.
The orc priest invokes the aid of Beogh against you.
Pain shoots through your body!
Ouch! That really hurt!
Blink to where?
Press: ? - help, Dir - move target cursor, p - orc priest You are very lightly contaminated with residual magic.
As you read the scroll of blinking, it crumbles to dust.
The orc priest invokes the aid of Beogh against you.
Pain shoots through your body!
Ouch! That really hurt!
You die...

#.##_## #.# #.####
#†#### ...## #....#
########..# #.##o#
##......>..#####o##.#
#...#####........##.#
...>....#.##.§#####.#
#...###.#.##..#####.#
##.## #.......#.@...#
##.## #>..##.##o#####
#...###...##.##.#
.#.#.##...##.##§#
#...###...##.##.#
##.####......##.#
..........#####.#
.(.o......# ###
##.##.o...#


You could see an orc priest.

Vanquished Creatures
  Robin (D:2)
  5 adders
  2 worms
  4 dart slugs
  4 orcs
  2 ball pythons
  6 bats
  2 giant cockroaches
  13 goblins
  4 hobgoblins
  2 jackals (D:1)
  2 quokkas (D:3)
  2 frilled lizards
  10 kobolds
  A rat (D:3)
60 creatures vanquished.

Notes
Turn   | Place    | Note
-------+----------+-------------------------------------------
     0 | D:1      | Ijustatesigmund the Spriggan Warper began the quest for the Orb.
     0 | D:1      | Reached XP level 1. HP: 10/10 MP: 5/5
   147 | D:1      | Reached skill level 1 in Stealth
   599 | D:1      | Reached XP level 2. HP: 14/14 MP: 7/7
   603 | D:1      | Learned a level 2 spell: Blink
   972 | D:1      | Found a shimmering altar of Xom.
  1163 | D:1      | You fall through a shaft!
  1511 | D:1      | Reached XP level 3. HP: 15/18 MP: 8/8
  2788 | D:3      | Found a hazy altar of Hepliaklqana.
  3113 | D:2      | Reached XP level 4. HP: 22/22 MP: 10/10
  3350 | D:2      | Noticed Robin
  3526 | D:2      | Killed Robin
  3815 | D:3      | Found a basalt altar of Yredelemnul.
  3818 | D:3      | Found a blossoming altar of Fedhas.
  3828 | D:3      | Found an ancient bone altar of Kikubaaqudgha.
  3970 | D:3      | HP: 1/22 [orc wizard/magic dart (8)]
  4343 | D:4      | Noticed kae's ghost (amateur GrEE)
  4588 | D:3      | Killed from afar by an orc priest

Vault maps used:
D:1:      minmay_arrival_loop, xom_teletrap_fun
D:2:      uniq_robin
D:3:      marbit_many_paths, lemuel_doored_altar, grunt_temple_overflow_diamond
D:4:      first_bread

Skill      XL: |  1  2  3  4 |
---------------+-------------+-----
Stealth        | 1 2 3 4 |  4.0
Spellcasting   | 3 4 |  4.2
Short Blades   | 3 |  3.7
Fighting       | |  1.5
Throwing       | |  1.0
Dodging        | |  3.5
Translocations | |  4.4

Action                   |  1- 3 |  4- 6 || total
-------------------------+-------+-------++-------
Melee: Short sword       |   200 |   210 ||   410
Throw: Tomahawk          |       |     3 ||     3
 Cast: Blink             |       |     2 ||     2
  Use: Scroll            |     7 |     2 ||     9
       Potion            |     1 |     2 ||     3
 Stab: Sleeping          |     6 |     3 ||     9
       Distracted        |     2 |       ||     2
  Eat: Fruit             |       |     2 ||     2
Armor: Robe              |    18 |    17 ||    35
Dodge: Dodged            |   159 |   164 ||   323

Table legend:
 A = Spawn XP
 B = Non-spawn XP
 C = Spawn XP percentage of total XP
 D = Spawn monster count
 E = Non-spawn monster count
 F = Spawn count percentage of total count
 G = Total turns spent on level
                    A         B        C        D         E        F      G
               +---------+---------+-------+---------+---------+-------+---------
         Total |       0 |     190 |   0.0 |       0 |      60 |   0.0 |  4588
               +---------+---------+-------+---------+---------+-------+---------
           D:1 |       0 |      39 |   0.0 |       0 |      19 |   0.0 |  1793
           D:2 |       0 |      74 |   0.0 |       0 |      22 |   0.0 |  1421
           D:3 |       0 |      44 |   0.0 |       0 |      14 |   0.0 |  1088
           D:4 |       0 |      33 |   0.0 |       0 |       5 |   0.0 |   286
               +---------+---------+-------+---------+---------+-------+---------
